 Dungeon Crawl Stone Soup version 0.30-a0-847-g17996783a1 (webtiles) character file.

Game seed: 3478982362356812390

0 jasper the Stinger (level 1, -1/10 HPs)
             Began as a Deep Elf Venom Mage on Mar 3, 2023.
             Slain by an adder (3 damage)
             ... on level 2 of the Dungeon.
             The game lasted 00:00:23 (42 turns).

jasper the Stinger (Deep Elf Venom Mage)              Turns: 42, Time: 00:00:24

Health: -1/10      AC:  2    Str:  5    XL:     1   Next: 8%
Magic:  6/6        EV: 12    Int: 19    God:
Gold:   0          SH:  0    Dex: 15    Spells: 5/6 levels left

rFire   . . .      SeeInvis .    (no weapon)
rCold   . . .      Faith    .    (no shield)
rNeg    . . .      Spirit   .    a - +0 robe
rPois   .          Reflect  .    (no helmet)
rElec   .          Rampage  .    (no cloak)
rCorr   .                        (no gloves)
Will    .....                    (no boots)
Stlth   ++                       (no amulet)
HPRegen 0.21/turn                (no ring)
MPRegen 0.10/turn                (no ring)

@: no status effects
A: no striking features
a: no special abilities


You were on level 2 of the Dungeon.
You visited 1 branch of the dungeon, and saw 2 of its levels.

Inventory:

Missiles
 c - 3 poisoned darts
Armour
 a - a +0 robe (worn)
Potions
 b - a potion of magic
 d - a potion of degeneration {unknown}


   Skills:
 - Level 2.4 Dodging
 - Level 2.4 Stealth
 + Level 3.0 Spellcasting
 + Level 1.1 Transmutations
 + Level 3.3 Poison Magic


You had 5 spell levels left.
You knew the following spells:

 Your Spells              Type           Power      Damage    Failure   Level
a - Sting                 Tmut/Pois      44%        1d5       6%          1

Your spell library contained the following spells:

 Spells                   Type           Power      Damage    Failure   Level
 Poisonous Vapours        Pois/Air       18%        N/A       12%         2
 Mephitic Cloud           Conj/Pois/Air  7%         N/A       28%         3
 Olgreb's Toxic Radiance  Pois           15%        N/A       36%         4


Dungeon Overview and Level Annotations

Branches:
Dungeon (1/15)

Altars:


Message History

c - 5 poisoned darts Throw: 5 darts (poison)
Press: ? - help, Shift-Dir - straight line, f - kobold
Aim: a kobold, wielding a +0 club (asleep, 98% to hit)
You throw a poisoned dart. The poisoned dart hits the kobold.
The kobold is poisoned.
The kobold shouts!
Throw: 4 darts (poison)
Press: ? - help, Shift-Dir - straight line, f/p - kobold
Aim: a kobold, wielding a +0 club (moderately wounded, poisoned, 50% to hit)
You throw a poisoned dart.
The poisoned dart closely misses the kobold.
You kill the kobold!
Unknown command.
d - a red potion
There are no items here.
Found a stone staircase leading up.
Found a stone staircase leading down.
A frilled lizard comes into view.
The frilled lizard bites you but does no damage.
The frilled lizard bites you.
You take 1 damage, and have 9/10 hp.
A hobgoblin comes into view.
The frilled lizard bites you but does no damage.
The frilled lizard attacks as you move away!
The frilled lizard barely misses you.
The frilled lizard attacks as you move away!
The frilled lizard barely misses you.
Health restored: 10 The adder attacks as you move away!
The adder closely misses you. The adder bites you.
You take 4 damage, and have 6/10 hp.
MASSIVE DAMAGE!!
The adder attacks as you move away! The adder bites you.
* * * LOW HITPOINT WARNING * * *
Found 11 gold pieces.
You take 4 damage, and have 2/10 hp.
MASSIVE DAMAGE!!
The adder attacks as you move away! The adder bites you but does no damage.
There is a stone staircase leading up here.
The adder bites you.
You die...

....$ ..... #.# .. ...
#g# .. .. ... #.#
.#... #.# ..##.#...
#.# #.......
######.####.>..# ....
#....@Sl##.....# ....
#............# .....
#.......#.##.###.....
#..................#
...........##.#......
.####.#..###......###.
#.#.###........#
#...##.......)(.#
..#..........(.#


You could see an adder and a frilled lizard.

Vanquished Creatures
  A kobold (D:2)
1 creature vanquished.

Vanquished Creatures (others)
  A fungus (D:2)
  A plant (D:2)
2 creatures vanquished.

Grand Total: 3 creatures vanquished

Notes
Turn   | Place    | Note
-------+----------+-------------------------------------------
     0 | D:1      | jasper the Deep Elf Venom Mage began the quest for the Orb.
     0 | D:1      | Reached XP level 1. HP: 10/10 MP: 6/6
    12 | D:1      | You fall into a shaft and drop 1 floor!
    42 | D:2      | Slain by an adder

Illustrated notes

Levels and vault maps discovered:
D:1:      dpeg_arrival_short_road, layout_basic
D:2:      layout_rooms, dreamdust_ecumenical_altar_grove, basic_altar,
          st_stairs_9, minmay_misc_feat_four_crosses

Action                     || total
---------------------------++-------
  Throw: Dart              ||     2
 Armour: Robe              ||     3
  Dodge: Dodged            ||     3

Table legend: (Time is in decaauts)
 A = Elapsed time spent in this place.
 B = Non-inter-level travel time spent in this place.
 C = Inter-level travel time spent in this place.
 D = Time resting spent in this place.
 E = Time spent auto-exploring this place.
 F = Levels seen in this place.
 G = Mean time per level.
                   A        B        C        D        E       F      G
               +--------+--------+--------+--------+--------+-----+--------+
         Total |     41 |     41 |      0 |      0 |     12 |   2 |   20.5 |
       Dungeon |     41 |     41 |      0 |      0 |     12 |   2 |   20.5 |
               +--------+--------+--------+--------+--------+-----+--------+

Top non-repeatable levels by time:
     D:2: 29 daAuts
     D:1: 12 daAuts
